 Dungeon Crawl Stone Soup version 0.29.1-15-g9cfb28693d (webtiles) character file.

Game seed: 16111138483060498514

161480 redmage the Peltast (level 18, -2/211 HPs)
             Began as a Meteoran Earth Elementalist on Sept 14, 2023.
             Was a Priest of Cheibriados.
             Slain by a quicksilver ooze (5 damage)
             ... on level 5 of the Pits of Slime.
             The game lasted 03:10:12 (7421 turns).

redmage the Peltast (Meteoran Earth Elementalist)   Turns: 7421, Time: 03:10:13

Health: -2/211     AC:  6    Str: 24    XL:     18   Next: 35%
Magic:  0/33       EV: 21    Int: 31    God:    Cheibriados [***...]
Gold:   488        SH: 16    Dex: 25    Spells: 14/44 levels left

rFire   + + .      SeeInvis .   a - +2 demon trident (flame)
rCold   + + +      Faith    .   O - +1 kite shield {rF+}
rNeg    + . .      Spirit   .   g - +2 leather armour {rC+}
rPois   .          Reflect  .   D - +2 helmet
rElec   +          Harm     .   y - scarf {shadows}
rCorr   +          Rampage  .   A - +2 pair of gloves {Str+3}
Will    ++...                   I - +3 pair of mountain boots {steadfast, rC+}
Stlth   ..........              v - amulet of Ohes {rElec rF+ Regen+ Str+2 Int-5}
HPRegen 1.25/turn               j - ring of Faiwaet {rC+ Int+5 Slay+4}
MPRegen 0.23/turn               L - ring of the Dragon {rN+ rCorr Str+6 Int+2}

@: berserking, engulfed (cannot breathe), corroded, glowing, unable to drink,
very slow
A: sense surroundings 3, otherworldly, glowing, explore regen, deformed body,
dopey 2, low MP 1, weak 2, inability to drink after injury 1
}: 2/15 runes: barnacled, gossamer
a: Renounce Religion, Bend Time, Temporal Distortion


You were on level 5 of the Pits of Slime.
You worshipped Cheibriados.
Cheibriados was most pleased with you.
You visited 6 branches of the dungeon, and saw 32 of its levels.
You visited the Abyss 1 time.
You also visited: Ossuary and Volcano.

You collected 2580 gold pieces.
You spent 2092 gold pieces at shops.

Inventory:

Hand Weapons
 a - a +2 demon trident of flaming (weapon)
Missiles
 x - a throwing net
 B - 4 curare-tipped darts (quivered)
Armour
 g - a +2 leather armour of cold resistance (worn)
 y - a scarf of shadows (worn)
 A - a +2 pair of gloves of strength (worn)
 D - a +2 helmet (worn)
 F - an orb of energy
 I - the +3 pair of mountain boots (worn) {steadfast, rC+}
   (You acquired it on level 2 of the Spider Nest)

   It prevents involuntary movement, except for blinking, teleportation, or
   banishment.
   rC:        It protects you from cold.
 O - a +1 kite shield of fire resistance (worn)
 Q - a +3 leather armour of fire resistance
Magical Staves
 S - a staff of poison
Jewellery
 j - the ring of Faiwaet (left hand) {rC+ Int+5 Slay+4}
   (You acquired it on level 12 of the Dungeon)

   [ring of slaying]

   Int:       It affects your intelligence (+5).
   Slay:      It affects your accuracy & damage with ranged weapons and melee
   (+4).
   rC:        It protects you from cold.
 v - the amulet of Ohes (around neck) {rElec rF+ Regen+ Str+2 Int-5}
   (You found it on level 5 of the Lair of Beasts)

   [amulet of regeneration]

   Str:       It affects your strength (+2).
   Int:       It affects your intelligence (-5).
   rF:        It protects you from fire.
   rElec:     It insulates you from electricity.
   Regen:     It increases your rate of health regeneration.
 H - a ring of poison resistance
 J - a ring of flight
 K - the ring of Luisaeq {Will+ AC+4}
   (You found it on level 5 of the Lair of Beasts)

   [ring of protection]

   AC:        It affects your AC (+4).
   Will:      It increases your willpower.
 L - the ring of the Dragon (right hand) {rN+ rCorr Str+6 Int+2}
   (You bought it in a shop on level 12 of the Dungeon)

   [ring of strength]

   Str:       It affects your strength (+6).
   Int:       It affects your intelligence (+2).
   rN:        It protects you from negative energy.
   rCorr:     It protects you from acid and corrosion.
 P - a ring of see invisible
Wands
 n - a wand of light (1)
 E - a wand of roots (1)
 U - a wand of polymorph (12)
Scrolls
 h - 2 scrolls of magic mapping
 i - 2 scrolls of teleportation
 m - 3 scrolls of enchant armour
 p - a scroll of silence
 q - a scroll of fear
 G - 4 scrolls of immolation
 R - a scroll of amnesia
 V - a scroll of identify
Potions
 d - a potion of ambrosia
 e - 4 potions of curing
 f - 2 potions of might
 l - 2 potions of brilliance
 s - 3 potions of flight
 t - 3 potions of haste
 u - 5 potions of lignification
 w - 3 potions of berserk rage
 z - a potion of attraction
 N - 2 potions of resistance
 T - 2 potions of cancellation
Miscellaneous
 k - a phantom mirror
 M - a lightning rod (4/4)


   Skills:
 + Level 7.8 Fighting
 - Level 10.0 Long Blades
 * Level 9.0 Polearms
 - Level 2.0 Armour
 + Level 11.8 Dodging
 - Level 1.4 Stealth
 - Level 15.0 Shields
 + Level 13.6 Spellcasting
 - Level 5.0 Conjurations
 - Level 6.6 Summonings
 - Level 8.0 Translocations
 - Level 12.0 Transmutations
 - Level 5.0 Ice Magic
 - Level 4.0 Air Magic
 - Level 8.0 Earth Magic
 - Level 8.0 Poison Magic
 - Level 12.4 Invocations
 - Level 4.0 Evocations


You had 14 spell levels left.
You knew the following spells:

 Your Spells              Type           Power      Damage    Failure   Level
a - Sandblast             Erth           100%       2d20      1%          1
b - Passwall              Tmut/Erth      58%        N/A       1%          2
c - Stone Arrow           Conj/Erth      100%       3d13      1%          3
d - Ozocubu's Armour      Ice            51%        N/A       1%          3
e - Mephitic Cloud        Conj/Pois/Air  54%        N/A       1%          3
f - Ignite Poison         Fire/Tmut/Pois 58%        N/A       1%          3
g - Summon Forest         Summ/Tloc      30%        N/A       6%          5
h - Eringya's Noxious Bo  Tmut/Pois      35%        N/A       12%         6
z - Passage of Golubria   Tloc           63%        N/A       1%          4

Your spell library contained the following spells:

 Spells                   Type           Power      Damage    Failure   Level
 Magic Dart               Conj           100%       1d8       1%          1
 Call Imp                 Summ           58%        N/A       1%          2
 Gell's Gravitas          Tloc           63%        N/A       1%          3
 Teleport Other           Tloc           63%        N/A       1%          3
 Petrify                  Tmut/Erth      70%        N/A       1%          4
 Slow                     Hex            84%        N/A       4%          1
 Conjure Flame            Conj/Fire      36%        6-21      4%          3
 Confusing Touch          Hex            21%        N/A       14%         3
 Vampiric Draining        Necr           21%        2d7       14%         3
 Sticky Flame             Conj/Fire      36%        2d6       16%         4
 Dispersal                Tloc           31%        N/A       26%         6
 Summon Mana Viper        Hex/Summ       41%        N/A       32%         5
 Summon Cactus Giant      Summ           29%        N/A       41%         6
 Silence                  Hex/Air        16%        N/A       50%         5
 Summon Hydra             Summ           29%        N/A       94%         7
 Ozocubu's Refrigeration  Ice            25%        4d13      99%         7
 Lehudib's Crystal Spear  Conj/Erth      28%        10d8      100%        8
 Chain Lightning          Conj/Air       24%        3d32      100%        9
 Fire Storm               Conj/Fire      18%        8d5       100%        9
 Shatter                  Erth           31%        3d26*     100%        9


Dungeon Overview and Level Annotations

Branches:
Dungeon (13/15) Zot: 7562  Temple (1/1) D:4 Zot: 793    Lair (5/5) D:10 Zot: 1056
 Shoals (4/4) Lair:2 Zot: 2921  Spider (4/4) Lair:2 Zot: 2139   Slime (5/5) Lair:4 Zot: 4011
Ossuary (visited)         Volcano (visited)
    Orc: D:9-12      Vaults: D:13-14

Altars:
Ashenzari
Cheibriados
Dithmenos
Fedhas
Hepliaklqana
Makhleb
Nemelex Xobeh
Okawaru
Qazlal
Ru
Trog
Uskayaw
Vehumet
Wu Jian
The Shining One
Jiyva

Shops:
D:8 *   D:10 ?   D:11 :   D:12 =(=*


Innate Abilities, Weirdness & Mutations

You passively map a large area around you.
You are easily found by Zot.
You glow in the dark.
You regain HP and MP as you explore.
Armour fits poorly on your strangely shaped body.
You are very dopey. (Int -4)
Your magical capacity is low. (-10% MP)
You are very weak. (Str -4)
You occasionally lose the ability to drink potions when taking damage.


Message History

The quicksilver ooze hits you.
You feel your power leaking away.
As you read the scroll of fear, it crumbles to dust.
You assume a fearsome visage.
The eye of devastation resists with almost no effort.
The quicksilver ooze is unaffected.
The quicksilver ooze hits you! The quicksilver ooze engulfs you!
You block the quicksilver ooze's attack. x2
The quicksilver ooze closely misses you.
Unknown command.
Unknown command.
Unknown command.
A red film seems to cover your vision as you go berserk!
Cheibriados forces you to slow down.
You feel mighty!
Your lungs strain for air!
The quicksilver ooze hits you!
* * * LOW HITPOINT WARNING * * *
The quicksilver ooze hits you!
* * * LOW HITPOINT WARNING * * *
The quicksilver ooze closely misses you.
You block the quicksilver ooze's attack.
The eye of devastation gazes at you. The bolt of energy hits you!!!
You feel threatened and lose the ability to drink potions!
* * * LOW HITPOINT WARNING * * *
You barely miss the quicksilver ooze.
The quicksilver ooze is heavily wounded.
* * * LOW HITPOINT WARNING * * *
Your lungs strain for air!
The quicksilver ooze closely misses you.
The quicksilver ooze completely misses you.
Unknown command.
You miss the quicksilver ooze.
The quicksilver ooze is heavily wounded.
* * * LOW HITPOINT WARNING * * *
Your lungs strain for air!
The quicksilver ooze closely misses you.
The quicksilver ooze hits you.
You die...

, , ,, , , ,
,.............##
..............#.##
.................###
.................#.
#.................#
*#................##
##.............@..## *
*#..............JG..# *
##..................#
##...................#*
.##...^...............#
...G...................#
###....................#
#.....................#
##..................


You could see an eye of devastation and a quicksilver ooze (very poisoned).

Vanquished Creatures
  the Royal Jelly (Slime:5)
  Arachne (Spider:2)
  11 acid blobs
  4 rockslimes
  6 azure jellies (Slime:5)
  A frost giant (Shoals:4)
  2 emperor scorpions (Spider:4)
  3 ghost moths (Spider:4)
  A broodmother (Spider:4)
  11 quicksilver oozes
  4 dire elephants (Lair:5)
  A spark wasp (Spider:2)
  4 merfolk impalers
  5 great orbs of eyes (Slime:5)
  5 hydras
  A catoblepas (Lair:3)
  2 boulder beetles
  2 radroaches
  A satyr (Shoals:2)
  A jorogumo (Spider:2)
  A dancing weapon (Volcano)
  2 merfolk aquamancers (Shoals:4)
  7 death yaks (Lair:5)
  A two-headed ogre (D:12)
  Sonja (D:10)
  A spectral death yak (Lair:5)
  A sun moth (Spider:4)
  A spectral anaconda (Lair:5)
  3 pharaoh ants
  10 sea snakes
  An orb spider (Spider:4)
  An obsidian statue (Lair:5)
  4 steelbarb worms
  4 wizards (Volcano)
  4 necromancers (Lair:5)
  A glowing orange brain (Slime:5)
  5 manticores
  4 oklob plants (Lair:4)
  3 cyclopes
  3 moths of wrath
  6 merfolk sirens
  14 wolf spiders
  2 fauns (Shoals:1)
  3 toenail golems (Volcano)
  3 shining eyes
  16 elephants (Lair:5)
  A gargoyle (D:12)
  Maurice (D:9)
  2 black mambas
  Joseph (D:9)
  A torpor snail (Lair:3)
  5 cane toads
  2 demonic crawlers
  An unseen horror (D:10)
  Maggie (D:8)
  5 komodo dragons
  13 merfolk
  2 wind drakes
  11 tarantellas
  Grinder (D:6)
  3 polar bears
  25 blink frogs
  Prince Ribbit (D:6)
  49 slime creatures
  2 snapping turtles
  7 jumping spiders
  A shadow (D:11)
  7 culicivoras
  A water elemental (Shoals:4)
  A wraith (D:12)
  A dire elephant simulacrum (Lair:5)
  7 wyverns
  36 yaks
  3 golden eyes
  3 basilisks
  17 redbacks
  3 wargs (D:10)
  A spectral cane toad (Lair:5)
  An acid dragon (D:12)
  10 water moccasins
  2 hell hounds (Lair:4)
  An orc warrior (D:8)
  A black bear (D:6)
  An elephant zombie (Lair:5)
  9 wolves (Lair:2)
  2 centaurs
  2 phantoms
  2 kobold brigands (D:8)
  12 bullfrogs
  2 scorpions
  2 necrophages
  A cane toad simulacrum (Lair:5)
  6 killer bees (D:9)
  An elephant simulacrum (Lair:5)
  A nameless horror (Spider:2)
  4 howler monkeys
  An electric eel (Lair:3)
  4 hounds
  9 orc priests
  10 orc wizards
  5 hell rats (Lair:3)
  8 mummies (Ossuary)
  10 gnolls
  4 adders
  2 shadow imps
  A white imp (D:6)
  An ufetubus (D:5)
  2 worms
  19 orcs
  2 ball pythons
  A bat (D:2)
  2 endoplasms
  3 goblins
  3 quokkas
  A frilled lizard (D:3)
  2 gnoll zombies (Ossuary)
  3 hobgoblin zombies (Ossuary)
  12 kobolds
  2 kobold zombies (Ossuary)
  An orc zombie (Ossuary)
  A rat (D:2)
553 creatures vanquished.

Vanquished Creatures (collateral kills)
  A merfolk javelineer (Shoals:4)
  A faun (Shoals:1)
  A torpor snail (Spider:1)
  2 tarantellas
  3 culicivoras
  2 jumping spiders
  A golden eye (Slime:1)
  5 redbacks
16 creatures vanquished.

Vanquished Creatures (others)
  A wolf spider (Spider:4)
  14 fungi
  79 plants
  8 snaplasher vines
  22 withered plants (Lair:5)
124 creatures vanquished.

Grand Total: 693 creatures vanquished

Notes
Turn   | Place    | Note
-------+----------+-------------------------------------------
     0 | D:1      | redmage the Meteoran Earth Elementalist began the quest for
                  | the Orb.
     0 | D:1      | Reached XP level 1. HP: 14/14 MP: 5/5
    60 | D:2      | Reached XP level 2. HP: 20/20 MP: 5/7
    63 | D:2      | Learned a level 2 spell: Passwall
   146 | D:2      | Reached XP level 3. HP: 26/26 MP: 5/8
   160 | D:2      | Reached XP level 4. HP: 16/33 MP: 0/11
   293 | D:5      | Entered Level 5 of the Dungeon
   298 | D:4      | Reached skill level 5 in Earth Magic
   405 | D:4      | Found a staircase to the Ecumenical Temple.
   410 | D:4      | Reached XP level 5. HP: 38/38 MP: 9/13
   415 | Temple   | Entered the Ecumenical Temple
   470 | Temple   | Became a worshipper of Cheibriados the Contemplative
   523 | D:4      | Learned a level 3 spell: Stone Arrow
   534 | D:4      | Reached skill level 5 in Spellcasting
   534 | D:4      | Reached skill level 1 in Conjurations
   534 | D:4      | Reached XP level 6. HP: 26/45 MP: 3/14
   600 | D:5      | Learned a level 3 spell: Ozocubu's Armour
   631 | D:5      | Noticed a wyvern
   636 | D:5      | Killed a wyvern
   637 | D:5      | Reached skill level 1 in Ice Magic
   637 | D:5      | Reached XP level 7. HP: 39/50 MP: 3/16
   691 | D:6      | Noticed Grinder
   699 | D:5      | Reached * piety under Cheibriados
   759 | D:6      | Reached skill level 1 in Invocations
   759 | D:6      | Reached XP level 8. HP: 57/57 MP: 15/18
   811 | D:6      | Paralysed by Grinder for 2 turns
   818 | D:6      | Killed Grinder
   879 | D:6      | Noticed Prince Ribbit
   881 | D:6      | Killed Prince Ribbit
   882 | D:6      | Gained mutation: You passively map the area around you.
                  | [Meteoran growth]
   882 | D:6      | Reached XP level 9. HP: 62/62 MP: 13/20
   927 | D:8      | Noticed Maggie
   934 | D:8      | Killed Maggie
   935 | D:8      | Reached skill level 5 in Conjurations
   938 | D:8      | Reached skill level 5 in Invocations
   944 | D:8      | Learned a level 3 spell: Mephitic Cloud
   988 | D:8      | Found a sand-covered staircase.
   995 | Ossuary  | Entered an ossuary
  1029 | Ossuary  | Reached ** piety under Cheibriados
  1037 | Ossuary  | Reached skill level 1 in Air Magic
  1037 | Ossuary  | Reached skill level 1 in Poison Magic
  1206 | D:8      | Found Zuapsik's CLEARANCE SALE!.
  1213 | D:8      | Bought a potion of curing for 15 gold pieces
  1213 | D:8      | Bought a scroll of enchant weapon for 37 gold pieces
  1263 | D:8      | Reached skill level 5 in Ice Magic
  1337 | D:8      | Reached XP level 10. HP: 69/69 MP: 13/23
  1398 | D:9      | Reached *** piety under Cheibriados
  1424 | D:10     | Entered Level 10 of the Dungeon
  1424 | D:10     | Found an iron altar of Okawaru.
  1438 | D:10     | Noticed Sonja
  1446 | D:10     | Killed Sonja
  1447 | D:10     | Reached skill level 1 in Fighting
  1447 | D:10     | Reached skill level 1 in Long Blades
  1447 | D:10     | Reached skill level 1 in Armour
  1474 | D:11     | Noticed a boulder beetle
  1484 | D:11     | Killed a boulder beetle
  1541 | D:12     | Noticed a gargoyle
  1546 | D:12     | Killed a gargoyle
  1588 | D:11     | Reached XP level 11. HP: 76/82 MP: 16/25
  1595 | D:11     | Reached skill level 5 in Dodging
  1633 | D:11     | Learned a level 3 spell: Conjure Flame
  1668 | D:11     | Noticed an eight-headed hydra
  1778 | D:10     | Found Hogh's Magic Scroll Shop.
  1810 | D:10     | Reached skill level 10 in Spellcasting
  1827 | D:10     | Bought a scroll of fear for 44 gold pieces
  1827 | D:10     | Bought a scroll of immolation for 44 gold pieces
  1855 | D:10     | Reached **** piety under Cheibriados
  1910 | D:10     | Found a staircase to the Lair.
  1930 | D:10     | Reached skill level 5 in Long Blades
  1946 | D:10     | Reached skill level 5 in Fighting
  2069 | D:9      | Noticed Joseph
  2075 | D:9      | Killed Joseph
  2085 | D:9      | Noticed Maurice
  2096 | D:9      | Killed Maurice
  2261 | D:10     | Learned a level 4 spell: Passage of Golubria
  2298 | D:11     | Killed a five-headed hydra
  2299 | D:11     | Reached skill level 1 in Translocations
  2299 | D:11     | Reached XP level 12. HP: 41/95 MP: 14/27
  2369 | D:11     | Found Vesemowk's Book Shoppe.
  2382 | D:11     | Reached ***** piety under Cheibriados
  2440 | D:12     | Found Asuess's Jewellery Shop.
  2443 | D:12     | Noticed a two-headed ogre
  2448 | D:12     | Killed a two-headed ogre
  2449 | D:12     | Reached skill level 10 in Invocations
  2579 | D:10     | Bought a scroll of acquirement for 572 gold pieces
  2579 | D:10     | Acquired 1075 gold pieces
  2613 | D:12     | Acquired the ring of Faiwaet {rC+ Int+5 Slay+4}
  2648 | D:12     | Found Zuiloj's Assorted Antiques.
  2658 | D:12     | Bought a scorched ring mail for 270 gold pieces
  2658 | D:12     | Identified the +2 ring mail "Seosar" {Rampage Str+3} (You
                  | bought it in a shop on level 12 of the Dungeon)
  2658 | D:12     | Bought a scroll labelled GERA JAPLEROIQ for 30 gold pieces
  2658 | D:12     | Bought a sedimented black potion for 27 gold pieces
  2758 | D:12     | Found Ziminn's Weapon Shoppe.
  2819 | D:12     | Bought the ring of the Dragon {rN+ rCorr Str+6 Int+2} for
                  | 798 gold pieces
  2866 | Lair:1   | Entered Level 1 of the Lair of Beasts
  3162 | Lair:1   | Reached skill level 5 in Translocations
  3270 | Lair:2   | Found a hole to the Spider Nest.
  3369 | Lair:2   | You fall into a shaft and drop 1 floor!
  3484 | Lair:3   | Reached XP level 13. HP: 103/103 MP: 23/29
  3492 | Lair:3   | Noticed an eight-headed hydra
  3517 | Lair:3   | Killed a six-headed hydra
  3569 | Lair:2   | Found a staircase to the Shoals.
  3629 | Lair:3   | Noticed a catoblepas
  3643 | Lair:3   | Killed a catoblepas
  3644 | Lair:3   | Reached skill level 1 in Evocations
  3768 | Lair:4   | Found a dark tunnel.
  3790 | Volcano  | Entered a volcano
  3812 | Abyss:3  | Cast into level 3 of the Abyss (a wizard)
  3817 | Volcano  | Escaped the Abyss
  3951 | Volcano  | Reached ****** piety under Cheibriados
  4059 | Lair:5   | Entered Level 5 of the Lair of Beasts
  4078 | Lair:5   | Reached skill level 1 in Shields
  4097 | Lair:5   | Reached skill level 2 in Shields
  4110 | Lair:5   | Reached skill level 3 in Shields
  4118 | Lair:5   | Reached skill level 4 in Shields
  4138 | Lair:5   | Reached skill level 5 in Shields
  4170 | Lair:5   | Learned a level 3 spell: Ignite Poison
  4185 | Lair:5   | Noticed a dire elephant
  4185 | Lair:5   | Noticed a dire elephant
  4185 | Lair:5   | Noticed a dire elephant
  4186 | Lair:5   | Noticed a dire elephant
  4195 | Lair:5   | Killed a dire elephant
  4196 | Lair:5   | Reached skill level 6 in Shields
  4196 | Lair:5   | Reached XP level 14. HP: 113/113 MP: 11/31
  4260 | Lair:5   | Reached skill level 7 in Shields
  4301 | Lair:5   | Identified the amulet of Ohes {rElec rF+ Regen+ Str+2
                  | Int-5}
  4362 | Lair:5   | Killed a dire elephant
  4411 | Lair:5   | Reached skill level 8 in Shields
  4466 | Lair:5   | Reached skill level 10 in Long Blades
  4479 | Lair:5   | Killed a dire elephant
  4500 | Lair:5   | Killed a dire elephant
  4501 | Lair:5   | Reached skill level 9 in Shields
  4517 | Lair:5   | Identified the ring of Luisaeq {Will+ AC+4}
  4566 | Lair:5   | Identified the +6 glaive of Xiwiwiso {vorpal, Str+8 Int+2}
  4802 | Lair:5   | Reached skill level 5 in Transmutations
  4803 | Lair:5   | Reached skill level 10 in Shields
  4862 | Lair:5   | Reached XP level 15. HP: 94/118 MP: 3/32
  4895 | Lair:5   | Identified the +9 war axe of World's End {venom, rPois rN+
                  | Will- Int+3}
  4916 | Lair:5   | Learned a level 5 spell: Summon Forest
  4974 | Lair:5   | Reached skill level 1 in Summonings
  5039 | Lair:4   | Learned a level 6 spell: Eringya's Noxious Bog
  5181 | Lair:2   | Reached skill level 11 in Shields
  5302 | D:12     | Found Uhoniomi's Jewellery Emporium.
  5315 | D:12     | Bought a ring of see invisible for 255 gold pieces
  5413 | Spider:1 | Entered Level 1 of the Spider Nest
  5451 | Spider:2 | Noticed Arachne
  5464 | Spider:2 | Killed Arachne
  5480 | Spider:2 | Reached skill level 5 in Poison Magic
  5481 | Spider:2 | Acquired the +3 pair of mountain boots {steadfast, rC+}
  5481 | Spider:2 | Found the +3 pair of mountain boots {steadfast, rC+}
  5543 | Spider:3 | Reached skill level 5 in Summonings
  5602 | Spider:2 | Gained mutation: Your magical capacity is low. (-10% MP)
                  | [mutagenic glow]
  5727 | Spider:4 | Entered Level 4 of the Spider Nest
  5894 | Spider:4 | Reached XP level 16. HP: 117/126 MP: 13/30
  5909 | Spider:4 | Reached skill level 10 in Transmutations
  5984 | Spider:4 | Noticed a ghost moth
  5996 | Spider:4 | Killed a ghost moth
  6091 | Spider:4 | Noticed an emperor scorpion
  6123 | Spider:4 | Killed an emperor scorpion
  6139 | Spider:4 | Noticed an emperor scorpion
  6160 | Spider:4 | Noticed a ghost moth
  6164 | Spider:4 | Killed an emperor scorpion
  6165 | Spider:4 | Reached skill level 12 in Shields
  6172 | Spider:4 | Killed a ghost moth
  6187 | Spider:4 | Noticed a ghost moth
  6207 | Spider:4 | Killed a ghost moth
  6261 | Spider:4 | Got a gossamer rune of Zot
  6492 | Shoals:1 | Entered Level 1 of the Shoals
  6542 | Shoals:1 | Reached skill level 13 in Shields
  6618 | Shoals:2 | Reached skill level 14 in Shields
  6695 | Shoals:2 | Reached XP level 17. HP: 112/132 MP: 11/31
  6764 | Shoals:4 | Entered Level 4 of the Shoals
  6798 | Shoals:4 | Reached skill level 15 in Shields
  6880 | Shoals:4 | Reached skill level 1 in Polearms
  6888 | Shoals:4 | Got a barnacled rune of Zot
  7041 | Lair:4   | Found a viscous altar of Jiyva.
  7047 | Lair:4   | Found a staircase to the Slime Pits.
  7066 | Slime:1  | Entered Level 1 of the Pits of Slime
  7066 | Slime:1  | Noticed an acid blob
  7066 | Slime:1  | Noticed an acid blob
  7069 | Slime:1  | Noticed an acid blob
  7075 | Slime:1  | Killed an acid blob
  7075 | Slime:1  | Killed an acid blob
  7075 | Slime:1  | Gained mutation: You are weak. (Str -2) [a shining eye]
  7076 | Slime:1  | Gained mutation: You have hidden genetic defects. [a
                  | shining eye]
  7078 | Slime:1  | Killed an acid blob
  7079 | Slime:1  | Gained mutation: You are very weak. (Str -4) [a shining
                  | eye]
  7084 | Slime:1  | Gained mutation: You are dopey. (Int -2) [a shining eye]
  7118 | Slime:2  | Reached skill level 10 in Dodging
  7134 | Slime:2  | Noticed an acid blob
  7136 | Slime:2  | Noticed a rockslime
  7144 | Slime:2  | Killed an acid blob
  7149 | Slime:2  | Killed a rockslime
  7160 | Slime:2  | Gained mutation: You are very dopey. (Int -4) [hidden
                  | defects]
  7167 | Slime:2  | Reached skill level 5 in Polearms
  7228 | Slime:3  | Noticed a rockslime
  7239 | Slime:3  | Killed a rockslime
  7266 | Slime:5  | Entered Level 5 of the Pits of Slime
  7273 | Slime:5  | Noticed an acid blob
  7273 | Slime:5  | Gained mutation: Armour fits poorly on your strangely
                  | shaped body. [hidden defects]
  7273 | Slime:5  | Lost mutation: You have hidden genetic defects. [hidden
                  | defects expressed]
  7285 | Slime:5  | Killed an acid blob
  7286 | Slime:5  | Gained mutation: You passively map a large area around you.
                  | [Meteoran growth]
  7286 | Slime:5  | Reached XP level 18. HP: 110/139 MP: 4/32
  7350 | Slime:5  | Found a viscous altar of Jiyva.
  7366 | Slime:5  | Noticed the Royal Jelly
  7371 | Slime:5  | Gained mutation: You occasionally lose the ability to drink
                  | potions when taking damage. [a shining eye]
  7375 | Slime:5  | Noticed an acid blob
  7379 | Slime:5  | Noticed an acid blob
  7385 | Slime:5  | Killed an acid blob
  7386 | Slime:5  | Noticed an acid blob
  7387 | Slime:5  | Killed an acid blob
  7388 | Slime:5  | Noticed an acid blob
  7391 | Slime:5  | Killed the Royal Jelly
  7391 | Slime:5  | Killed an acid blob
  7397 | Slime:5  | Noticed an acid blob
  7397 | Slime:5  | Noticed an acid blob
  7400 | Slime:5  | Noticed an acid blob
  7403 | Slime:5  | Killed an acid blob
  7403 | Slime:5  | Killed an acid blob
  7406 | Slime:5  | Killed an acid blob
  7419 | Slime:5  | HP: 10/211 [disintegration (38)]
  7421 | Slime:5  | HP: 1/211 [drowned by a quicksilver ooze (5)]
  7421 | Slime:5  | Slain by a quicksilver ooze

Illustrated notes

Levels and vault maps discovered:
D:1:      amcnicky_arrival_choice, layout_loops_ring,
          ebering_ecumenical_altar_sacrificial
D:2:      layout_basic
D:3:      layout_loops_ring, dreamdust_wishing_well
D:4:      layout_cave_pods, minmay_temple_entry_junction, st_stairs_13
D:5:      minmay_general_purpose_star, layout_basic,
          lemuel_mausoleum_altar_yredelemnul, gammafunk_temple_overflow_claw,
          serial_shops, nicolae_shop_statue_plus, uniq_eustachio
D:6:      layout_rooms, uniq_grinder, uniq_prince_ribbit1
D:7:      layout_cave_pods, minmay_microvault, uniq_pikel
D:8:      layout_cave_pools, zin_statuary, kennysheep_mini,
          kennysheep_orc_sif_temple, nicolae_ossuary_entry_monument,
          nicolae_shop_clearance, uniq_maggie
D:9:      minmay_the_grid_3x2 [minmay_the_grid_minigrid_large,
          minmay_the_grid_doors, minmay_the_grid_tree, minmay_the_grid_embedded,
          minmay_the_grid_paths, minmay_the_grid_prize_shrinking_boxes],
          layout_long_grid, st_stairs_5, uniq_joseph, uniq_maurice
D:10:     layout_rooms, mainiacjoe_overflow_cross_hatched,
          erik_lair_orcish_takeover, serial_shops, shop, uniq_sonja
D:11:     layout_basic, serial_shops, nicolae_square_shop
D:12:     layout_layer_cave, david_orc_1_choice, serial_shops,
          nicolae_shop_bloodbath_and_beyond,
          nicolae_shop_temple_entry_statues_fountains, shop_statue, shop,
          grunt_dithmenos_smoke_and_mirrors
D:13:     layout_basic
Temple:   jpeg_temple_clearing
Lair:1:   layout_loops_ring, nicolae_quartered_pool_impasse
Lair:2:   layout_cave_pods, minmay_shoals_entry_lonely_mermaid,
          spider_nest_entry_web_field
Lair:3:   layout_gridlike, infiniplex_staircase_pool
Lair:4:   layout_hall_layers, minmay_slime_entry_oklob_enclosed, enter_volcano_3
Lair:5:   due_jungle_book, layout_gridlike, st_stairs_13, grunt_megastairs_2,
          infiniplex_staircase_pool_2
Shoals:1: cheibrodos_shoals_three_sisters, layout_shoals,
          nicolae_shoals_lost_giant_amphitheater, ldierk_geyser,
          nicolae_shoals_this_corrosion
Shoals:2: layout_shoals, serial_shops, nicolae_shop_behind_doors,
          nicolae_shoals_arrival_archipelago
Shoals:3: argonaut_golden_fleece, layout_shoals, uniq_mlioglotl, uniq_polyphemus
Shoals:4: shoals_end_grunt_ice, layout_shoals
Spider:1: layout_spider_delve, nicolae_spider_webs_and_nodes
Spider:2: layout_spider_delve, nicolae_spider_cling_halls, uniq_arachne
Spider:3: layout_spider_delve, hangedman_spider_tarantella_strand
Spider:4: grunt_spider_rune_parallel
Slime:1:  layout_caves
Slime:2:  layout_caves
Slime:3:  layout_caves
Slime:4:  layout_caves
Slime:5

Skill      XL: |  1  2  3  4  5  6  7  8  9 10 11 12 13 14 15 16 17 18 |
---------------+-------------------------------------------------------+-----
Spellcasting   | 3 4 5 6 8 9 10 11 12 13 | 13.6
Earth Magic    | 4 5 6 7 8 |  8.0
Conjurations   | 1 3 4 5 |  5.0
Ice Magic      | 1 2 3 5 |  5.0
Invocations    | 1 3 6 8 9 12 | 12.4
Air Magic      | 2 4 |  4.0
Poison Magic   | 2 4 8 |  8.0
Fighting       | 3 5 6 7 |  7.8
Long Blades    | 3 6 9 10 | 10.0
Armour         | 2 |  2.0
Dodging        | 4 7 8 9 11 | 11.8
Translocations | 1 6 8 |  8.0
Evocations     | 4 |  4.0
Shields        | 6 10 11 14 15 | 15.0
Transmutations | 6 9 10 12 | 12.0
Summonings     | 5 6 |  6.6
Polearms       | 7 9 |  9.0
Stealth        | |  1.4

Action                   |  1- 3 |  4- 6 |  7- 9 | 10-12 | 13-15 | 16-18 || total
-------------------------+-------+-------+-------+-------+-------+-------++-------
Melee: Long sword        |       |       |    14 |    79 |   326 |   254 ||   673
       Punch             |       |       |       |       |     3 |     1 ||     4
       Demon trident     |       |       |       |       |       |    59 ||    59
Throw: Dart              |       |       |       |     3 |     4 |     3 ||    10
 Cast: Sandblast         |    21 |    32 |    83 |    80 |    32 |    29 ||   277
       Passwall          |       |     4 |     4 |    33 |    23 |     6 ||    70
       Stone Arrow       |       |     6 |    25 |   108 |   140 |    47 ||   326
       Ozocubu's Armour  |       |       |     2 |    13 |    22 |    20 ||    57
       Conjure Flame     |       |       |       |     8 |     4 |       ||    12
       Passage of Golubr |       |       |       |    25 |   162 |    51 ||   238
       Mephitic Cloud    |       |       |       |     4 |    51 |     9 ||    64
       Ignite Poison     |       |       |       |       |    24 |    22 ||    46
       Summon Forest     |       |       |       |       |     5 |    14 ||    19
       Eringya's Noxious |       |       |       |       |     1 |    46 ||    47
Invok: Slouch            |       |       |       |     1 |     5 |    13 ||    19
       Step From Time    |       |       |       |       |       |     1 ||     1
Evoke: Wand              |       |       |     1 |     5 |    14 |    10 ||    30
       Lightning rod     |       |       |       |     4 |     6 |     3 ||    13
       Phial of floods   |       |       |       |       |     1 |       ||     1
       Phantom mirror    |       |       |       |       |     1 |       ||     1
  Use: Scroll            |       |       |     2 |    15 |    14 |    17 ||    48
       Potion            |       |       |       |     3 |       |    14 ||    17
 Stab: Invisible         |       |       |       |     1 |     7 |     4 ||    12
       Confused          |       |       |       |     2 |    30 |     6 ||    38
       Sleeping          |       |       |       |       |     1 |       ||     1
       Distracted        |       |       |       |       |     2 |     2 ||     4
       Paralysed         |       |       |       |       |     1 |       ||     1
Armor: Robe              |     1 |       |       |       |    19 |       ||    20
       Leather armour    |       |     7 |    35 |   116 |   154 |   143 ||   455
Dodge: Dodged            |     5 |    21 |    48 |   240 |   410 |   285 ||  1009
Block: Kite shield       |       |       |       |       |   157 |   406 ||   563
